 Dungeon Crawl Stone Soup version 0.25-a0-578-gc91f01c39c (webtiles) character file.

Game seed: 18098522988097136181, levelgen mode: deterministic

400 MisterFreud the Ducker (level 6, -3/42 HPs)
             Began as an Octopode Fighter on Mar 3, 2020.
             Slain by a worker ant (7 damage)
             ... on level 4 of the Dungeon.
             The game lasted 00:04:48 (3095 turns).

MisterFreud the Ducker (Octopode Fighter)           Turns: 3095, Time: 00:04:48

Health: -3/42      AC:  3    Str: 16    XL:     6   Next: 84%
Magic:  6/6        EV: 13    Int: 12    God:
Gold:   202        SH:  9    Dex: 11    Spells: 5/5 levels left

rFire    . . .     SeeInvis .     - Unarmed
rCold    . . .     Gourm    .   a - +1 kite shield
rNeg     . . .     Faith    .   (helmet restricted)
rPois    .         Spirit   .   (no amulet)
rElec    .         Reflect  .   g - +2 ring of protection
rCorr    .         Harm     .   s - ring of protection from magic
MR       +....                  (no ring)
Stlth    ++........             (no ring)
HPRegen  0.14/turn              (no ring)
MPRegen  0.10/turn              (no ring)
                                (no ring)
                                (no ring)

@: lethally poisoned (-3 -> -8)
A: almost no armour, stealthy swim, amphibious, 8 rings, constrict 8, camouflage
1, gelatinous body 1
a: no special abilities


You were on level 4 of the Dungeon.
You were not hungry.

You visited 1 branch of the dungeon, and saw 5 of its levels.

You collected 202 gold pieces.

Inventory:

Missiles
 e - 27 bolts
 f - 48 arrows
 i - a throwing net
 k - 186 stones
 q - 23 sling bullets
 w - 4 boomerangs (quivered)
Armour
 a - a +1 kite shield (worn)
Jewellery
 g - a +2 ring of protection (left tentacle)
 s - a ring of protection from magic (right tentacle)
Scrolls
 h - a scroll of noise
 j - a scroll of fear
 l - a scroll of amnesia
 v - a scroll of immolation {unknown}
 x - a scroll of identify
Potions
 b - 3 potions of might
 d - a potion of magic {unknown}
 m - a potion of heal wounds {unknown}
 o - 3 potions of flight
 p - a potion of curing {unknown}
 r - a potion of berserk rage {unknown}
 t - a potion of mutation {unknown}
 u - a potion of brilliance {unknown}
Comestibles
 c - 3 rations
 n - 6 chunks of flesh


   Skills:
 - Level 3.0 Fighting
 + Level 5.8 Dodging
 - Level 3.0 Shields
 - Level 5.0 Unarmed Combat


You had 5 spell levels left.
You didn't know any spells.
Your spell library was empty.

Dungeon Overview and Level Annotations

Branches:
Dungeon (5/15)
 Temple: D:4-7

Altars:
Yredelemnul

Annotations:
D:2 2 runed translucent doors, Crazy Yiuf
D:3 1 runed translucent door, Flugslaktarn's ghost, weakling MiFi


Innate Abilities, Weirdness & Mutations

You cannot wear most types of armour.
You are very stealthy in the water. (Stealth+)
You are amphibious.
You can wear up to eight rings at the same time.
You can use your tentacles to constrict eight enemies at once.
Your skin changes colour to match your surroundings (Stealth+).
Your rubbery body absorbs attacks. (AC +1, EV +1)


Message History

The sky beast is severely wounded.
You block the worker ant's attack.
The sky beast flickers out of sight!
Deactivating autopickup; reactivate with Ctrl-A.
Something hits you. Something shocks you.
You closely miss something. You block the worker ant's attack.
Something hits you but does no damage.
You bludgeon something! You block the worker ant's attack.
Something hits you but does no damage.
You tentacle-slap something. Your squeeze misses something.
The worker ant bites you. Something hits you.
* * * LOW HITPOINT WARNING * * *
Something shocks you.
* * * LOW HITPOINT WARNING * * *
The worker ant bites you.
* * * LOW HITPOINT WARNING * * *
You are lethally poisoned!
The worker ant poisons you!
* * * LOW HITPOINT WARNING * * *
You feel sick. The worker ant bites you!
You die...

##.)<..#
#...####..<......###
#.#.#.#
#...#............##. #.#.#
#######...#.#.#.....<.###.
#.#.#
............#.........###.
..#.#
.......)..#####........)).
#####
............#....##...###.
######......#.##......# #.
#....#...#####.#####.
#..a@#.####.....).###
#....#.# #.##.##.###
##....#.# #.##.##....
#.......# #.##.......
#..#....### #.#####..#. #?
##..## #........## #.
##.##############... #
##.....### #### #.#......#


You could see a worker ant.

Vanquished Creatures
  A scorpion (D:5)
  2 howler monkeys (D:4)
  A human zombie (D:2)
  An orc priest (D:4)
  An orc wizard (D:4)
  Terence (D:2)
  2 worker ants (D:4)
  A hound skeleton (D:5)
  An adder (D:4)
  An ooze (D:1)
  3 worms
  A dart slug (D:1)
  A leopard gecko (D:1)
  5 orcs (D:4)
  2 ball pythons
  5 bats
  4 giant cockroaches
  8 goblins
  6 hobgoblins
  10 jackals (D:1)
  A quokka (D:3)
  6 frilled lizards
  7 kobolds
  A kobold zombie (D:2)
  3 rats (D:1)
75 creatures vanquished.

Vanquished Creatures (others)
  2 withered plants (D:3)
2 creatures vanquished.

Grand Total: 77 creatures vanquished

Notes
Turn   | Place    | Note
-------+----------+-------------------------------------------
     0 | D:1      | MisterFreud the Octopode Fighter began the quest for the
                  | Orb.
     0 | D:1      | Reached XP level 1. HP: 16/16 MP: 1/1
    89 | D:1      | Reached XP level 2. HP: 21/21 MP: 2/2
   266 | D:1      | Reached XP level 3. HP: 22/26 MP: 3/3
   915 | D:2      | Noticed Terence
   925 | D:2      | Killed Terence
   925 | D:2      | Reached XP level 4. HP: 21/31 MP: 4/4
  1065 | D:2      | Found a runed translucent door.
  1066 | D:2      | Noticed Crazy Yiuf
  1131 | D:2      | Found a runed translucent door.
  1131 | D:2      | Noticed a human
  1143 | D:2      | Found a basalt altar of Yredelemnul.
  1427 | D:2      | Reached skill level 5 in Unarmed Combat
  1692 | D:3      | Reached XP level 5. HP: 36/36 MP: 5/5
  2032 | D:3      | Found a runed translucent door.
  2032 | D:3      | Noticed Flugslaktarn's ghost (weakling MiFi)
  2234 | D:3      | You fall into a shaft and drop 2 floors!
  2234 | D:5      | Entered Level 5 of the Dungeon
  2339 | D:4      | Reached XP level 6. HP: 41/42 MP: 6/6
  2361 | D:3      | Found a faded altar of an unknown god.
  2826 | D:4      | You fall into a shaft and drop 1 floor!
  2889 | D:4      | Reached skill level 5 in Dodging
  3070 | D:4      | Noticed a sky beast
  3095 | D:4      | Slain by a worker ant

Levels and vault maps discovered:
D:1:      erik_arrival_cave_to_civilisation [erik_arrival_cave_to_hall],
          layout_basic
D:2:      layout_loops_ring, first_ration, glass_columns_c,
          dk_yredelemnul_ordeal, uniq_crazy_yiuf_cottage, uniq_terence
D:3:      layout_basic, gammafunk_ghost_grave, chequers_ecumenical_altar_island,
          serial_bayou_pond_d
D:4:      layout_loops_cross, tgw_trog
D:5:      layout_loops_ring

Skill      XL: |  1  2  3  4  5  6 |
---------------+-------------------+-----
Unarmed Combat | 3 4 5 |  5.0
Dodging        | 4 5 |  5.8
Fighting       | |  3.0
Shields        | |  3.0

Action                   |  1- 3 |  4- 6 || total
-------------------------+-------+-------++-------
Melee: Unarmed           |    81 |   123 ||   204
       Constrict         |    23 |    26 ||    49
       Tentacles         |    16 |    16 ||    32
       Punch             |     1 |     6 ||     7
Throw: Throwing net      |     2 |       ||     2
       Boomerang         |       |     2 ||     2
  Use: Scroll            |       |     6 ||     6
 Stab: Sleeping          |     7 |     7 ||    14
  Eat: Chunk             |       |     7 ||     7
Armor: Skin              |    12 |    24 ||    36
Dodge: Dodged            |    29 |    39 ||    68
Block: Kite shield       |    23 |    49 ||    72

Table legend:
 A = Non-vault XP
 B = Vault XP
 C = Vault XP percentage of total XP
 D = Non-vault monster count
 E = Vault monster count
 F = Vault count percentage of total count
                 A         B        C        D         E       F
            +---------+---------+-------+---------+---------+-------
      Total |     490 |      82 |  14.3 |      72 |       3 |   4.0
            +---------+---------+-------+---------+---------+-------
        D:1 |      69 |       0 |   0.0 |      34 |       0 |   0.0
        D:2 |      13 |      82 |  86.3 |       8 |       3 |  27.3
        D:3 |      29 |       0 |   0.0 |      15 |       0 |   0.0
        D:4 |     291 |       0 |   0.0 |      13 |       0 |   0.0
        D:5 |      88 |       0 |   0.0 |       2 |       0 |   0.0
            +---------+---------+-------+---------+---------+-------
